[ AOE2 MATCH · #505829087 ]
UnrankedShu vs Romans
Player's team · WIN
Rival team · LOSS
[ REPLAY ANALYSIS · EXTRACTED FROM THE RECORDED GAME ]
Feudal
9:15
Castle
21:05
Imperial
37:54
| APM avg | 49.0 |
| APM peak | 107 |
| eAPM avg | 22.5 |
| Villagers / military | 96 / 80 |
Focus
⚔️ 35.9% · 🌾 64.1%
Archer ×70 · Mangonel ×9 · Monk ×1
Feudal
10:30
Castle
21:10
Imperial
—
| APM avg | 63.0 |
| APM peak | 113 |
| eAPM avg | 24.2 |
| Villagers / military | 126 / 79 |
Focus
⚔️ 32.1% · 🌾 67.9%
Skirmisher ×43 · Archer ×15 · Mangonel ×12 · Knight ×4 · Militia ×4 · Battering Ram ×1
Match map
Initial resources + every placement click. Lines = walls · curves = elevation contours. ◆ gold · ⬟ stone · ● berries · ✦ relic · ◌ wall gap
Your base· ✓ Closed at 21:05 · 43t walls · no gate
DS_Maulet's base· Open — opponent sealed themselves in
Smoothed initial terrain · ◌ = detected wall gap · hover for details
Inputs per minute
— Tim_Boww - - DS_Maulet
Build order — Tim_Boww
First 150 of 307 actions detected
| 0:00 | Create | Villager (Male) |
| 0:00 | Create | Villager (Male) |
| 0:02 | Build | House |
| 0:02 | Build | House |
| 0:08 | Create | Villager (Male) |
| 0:12 | Create | Villager (Male) |
| 1:24 | Create | Villager (Male) |
| 1:49 | Build | Lumber Camp |
| 1:52 | Create | Villager (Male) |
| 2:02 | Build | Lumber Camp |
| 2:20 | Create | Villager (Male) |
| 2:50 | Create | Villager (Male) |
| 3:08 | Create | Villager (Male) |
| 3:31 | Create | Villager (Male) |
| 3:53 | Build | House |
| 4:03 | Create | Villager (Male) |
| 4:20 | Create | Villager (Male) |
| 4:26 | Build | Mill |
| 4:59 | Create | Villager (Male) |
| 5:16 | Create | Villager (Male) |
| 5:31 | Create | Villager (Male) |
| 5:55 | Create | Villager (Male) |
| 5:56 | Research | Loom |
| 6:20 | Build | Mining Camp |
| 7:03 | Research | Feudal Age |
| 7:17 | Build | Barracks |
| 7:54 | Create | Villager (Male) |
| 8:03 | Build | House |
| 8:40 | Create | Villager (Male) |
| 9:15 | Age | Feudal Age |
| 9:20 | Build | Archery Range |
| 9:31 | Research | Double-Bit Axe |
| 9:44 | Create | Villager (Male) |
| 9:50 | Create | Archer |
| 9:53 | Create | Archer |
| 9:56 | Build | House |
| 10:13 | Create | Archer |
| 10:26 | Create | Villager (Male) |
| 10:50 | Create | Archer |
| 11:19 | Create | Archer |
| 11:30 | Create | Villager (Male) |
| 11:30 | Create | Villager (Male) |
| 11:35 | Build | Blacksmith |
| 11:38 | Build | House |
| 11:48 | Build | Palisade Wall |
| 11:50 | Build | Palisade Wall |
| 11:54 | Build | Palisade Wall |
| 11:59 | Create | Villager (Male) |
| 12:08 | Create | Villager (Male) |
| 12:16 | Create | Villager (Male) |
| 12:25 | Create | Villager (Male) |
| 12:31 | Create | Villager (Male) |
| 12:37 | Build | Archery Range |
| 12:42 | Build | Palisade Wall |
| 12:43 | Build | Palisade Wall |
| 12:45 | Research | Fletching |
| 12:46 | Create | Villager (Male) |
| 12:54 | Build | House |
| 12:55 | Build | House |
| 12:56 | Build | House |
| 12:56 | Build | House |
| 12:58 | Build | House |
| 13:00 | Create | Villager (Male) |
| 13:07 | Build | Mill |
| 13:14 | Create | Archer |
| 13:23 | Build | Farm |
| 13:24 | Build | Farm |
| 13:36 | Create | Archer |
| 13:37 | Create | Villager (Male) |
| 13:46 | Create | Archer |
| 14:00 | Build | Farm |
| 14:02 | Build | Farm |
| 14:15 | Create | Archer |
| 14:21 | Research | Padded Archer Armor |
| 14:26 | Build | Palisade Wall |
| 14:28 | Build | Palisade Wall |
| 14:31 | Build | Palisade Wall |
| 14:37 | Build | Palisade Wall |
| 14:41 | Build | Farm |
| 14:43 | Build | Farm |
| 14:44 | Create | Villager (Male) |
| 15:11 | Create | Archer |
| 15:11 | Create | Archer |
| 15:20 | Create | Villager (Male) |
| 15:22 | Build | Farm |
| 15:24 | Build | Farm |
| 15:37 | Build | House |
| 15:38 | Build | House |
| 15:43 | Create | Villager (Male) |
| 15:50 | Create | Archer |
| 16:02 | Create | Villager (Male) |
| 16:04 | Build | Farm |
| 16:11 | Create | Archer |
| 16:30 | Create | Villager (Male) |
| 16:33 | Build | Farm |
| 16:36 | Build | Farm |
| 16:46 | Create | Villager (Male) |
| 18:01 | Build | Lumber Camp |
| 18:13 | Build | House |
| 18:19 | Build | Market |
| 18:24 | Research | Castle Age |
| 18:27 | Create | Archer |
| 18:30 | Create | Archer |
| 18:53 | Create | Archer |
| 19:03 | Build | Archery Range |
| 19:06 | Create | Archer |
| 19:16 | Research | Gold Mining |
| 19:26 | Create | Archer |
| 19:31 | Create | Villager (Male) |
| 19:37 | Research | Horse Collar |
| 19:49 | Create | Archer |
| 20:04 | Create | Archer |
| 20:19 | Create | Archer |
| 20:39 | Create | Archer |
| 20:45 | Create | Archer |
| 21:05 | Age | Castle Age |
| 21:05 | Research | Crossbowman (upgrade) |
| 21:11 | Research | Bodkin Arrow |
| 21:18 | Research | Bow Saw |
| 21:19 | Research | Heavy Plow |
| 21:28 | Research | Thumb Ring |
| 21:33 | Create | Villager (Male) |
| 21:48 | Create | Archer |
| 21:49 | Create | Archer |
| 22:02 | Create | Villager (Male) |
| 22:02 | Create | Villager (Male) |
| 22:29 | Create | Archer |
| 22:30 | Create | Archer |
| 22:31 | Build | University |
| 22:35 | Build | University |
| 22:36 | Create | Villager (Male) |
| 22:45 | Create | Archer |
| 22:46 | Create | Archer |
| 22:58 | Research | Leather Archer Armor |
| 23:15 | Create | Villager (Male) |
| 23:17 | Create | Archer |
| 23:18 | Create | Archer |
| 23:22 | Create | Villager (Male) |
| 23:37 | Create | Villager (Male) |
| 23:38 | Build | Farm |
| 23:46 | Create | Villager (Male) |
| 24:10 | Research | Ballistics |
| 24:11 | Create | Archer |
| 24:11 | Create | Archer |
| 24:19 | Create | Villager (Male) |
| 24:29 | Create | Archer |
| 24:30 | Create | Archer |
| 24:50 | Build | Siege Workshop |
| 24:52 | Create | Archer |
| 24:54 | Create | Villager (Male) |
Build order — DS_Maulet
First 150 of 314 actions detected
| 0:00 | Create | Villager (Male) |
| 0:00 | Create | Villager (Male) |
| 0:01 | Create | Villager (Male) |
| 0:01 | Create | Villager (Male) |
| 0:02 | Build | House |
| 0:04 | Build | House |
| 1:22 | Create | Villager (Male) |
| 1:22 | Create | Villager (Male) |
| 1:52 | Build | Lumber Camp |
| 1:52 | Create | Villager (Male) |
| 2:05 | Create | Villager (Male) |
| 2:06 | Create | Villager (Male) |
| 2:42 | Create | Villager (Male) |
| 3:10 | Create | Villager (Male) |
| 3:10 | Create | Villager (Male) |
| 3:33 | Create | Villager (Male) |
| 3:33 | Create | Villager (Male) |
| 3:33 | Create | Villager (Male) |
| 3:50 | Build | House |
| 3:55 | Create | Villager (Male) |
| 3:55 | Create | Villager (Male) |
| 4:16 | Create | Villager (Male) |
| 4:16 | Create | Villager (Male) |
| 4:34 | Build | Barracks |
| 4:50 | Create | Villager (Male) |
| 4:55 | Build | House |
| 5:01 | Create | Villager (Male) |
| 5:28 | Create | Militia |
| 5:40 | Create | Villager (Male) |
| 5:42 | Create | Militia |
| 6:01 | Create | Villager (Male) |
| 6:18 | Create | Villager (Male) |
| 6:21 | Build | Mill |
| 6:28 | Build | House |
| 6:35 | Create | Villager (Male) |
| 7:10 | Create | Villager (Male) |
| 7:11 | Research | Loom |
| 8:01 | Build | Mining Camp |
| 8:15 | Research | Feudal Age |
| 8:34 | Create | Villager (Male) |
| 9:00 | Create | Militia |
| 9:17 | Build | Mill |
| 9:27 | Create | Militia |
| 10:20 | Build | House |
| 10:30 | Age | Feudal Age |
| 10:32 | Research | Man-at-Arms (upgrade) |
| 10:33 | Create | Villager (Male) |
| 10:36 | Build | Archery Range |
| 10:50 | Research | Double-Bit Axe |
| 11:06 | Create | Villager (Male) |
| 11:15 | Create | Villager (Male) |
| 11:27 | Create | Villager (Male) |
| 11:30 | Build | Farm |
| 11:37 | Build | Farm |
| 11:50 | Create | Villager (Male) |
| 11:59 | Create | Archer |
| 11:59 | Create | Archer |
| 12:06 | Create | Villager (Male) |
| 12:08 | Build | Farm |
| 12:19 | Build | Farm |
| 12:24 | Build | House |
| 12:26 | Build | Palisade Wall |
| 12:34 | Create | Skirmisher |
| 12:43 | Build | Farm |
| 12:47 | Create | Skirmisher |
| 12:47 | Create | Villager (Male) |
| 12:56 | Build | Farm |
| 13:02 | Create | Skirmisher |
| 13:26 | Build | Blacksmith |
| 13:29 | Create | Villager (Male) |
| 13:30 | Create | Skirmisher |
| 13:43 | Build | Farm |
| 13:45 | Create | Skirmisher |
| 13:53 | Build | House |
| 13:57 | Build | Palisade Wall |
| 13:59 | Build | Palisade Wall |
| 13:59 | Create | Villager (Male) |
| 14:05 | Create | Skirmisher |
| 14:06 | Create | Villager (Male) |
| 14:14 | Research | Fletching |
| 14:25 | Build | House |
| 14:28 | Build | Palisade Wall |
| 14:32 | Build | House |
| 14:36 | Build | Farm |
| 14:38 | Build | Farm |
| 14:40 | Create | Skirmisher |
| 14:41 | Research | Padded Archer Armor |
| 14:42 | Create | Villager (Male) |
| 14:58 | Create | Villager (Male) |
| 15:01 | Build | House |
| 15:04 | Build | Palisade Gate |
| 15:08 | Create | Villager (Male) |
| 15:15 | Build | Farm |
| 15:17 | Build | Farm |
| 15:31 | Build | Palisade Wall |
| 15:44 | Create | Villager (Male) |
| 15:49 | Build | Lumber Camp |
| 15:55 | Build | Palisade Wall |
| 15:57 | Create | Villager (Male) |
| 16:11 | Build | Palisade Wall |
| 16:22 | Build | Palisade Wall |
| 16:25 | Create | Archer |
| 16:27 | Build | Farm |
| 16:29 | Create | Archer |
| 16:47 | Build | Farm |
| 16:50 | Build | Farm |
| 17:11 | Build | Palisade Wall |
| 17:15 | Create | Villager (Male) |
| 17:17 | Create | Archer |
| 17:23 | Create | Villager (Male) |
| 17:33 | Create | Villager (Male) |
| 18:04 | Build | Palisade Wall |
| 18:12 | Build | Farm |
| 18:24 | Research | Castle Age |
| 18:36 | Create | Archer |
| 18:38 | Build | Archery Range |
| 18:49 | Create | Archer |
| 18:50 | Create | Archer |
| 18:57 | Research | Gold Mining |
| 19:02 | Research | Horse Collar |
| 19:03 | Create | Archer |
| 19:18 | Build | House |
| 19:21 | Create | Archer |
| 19:29 | Create | Archer |
| 19:30 | Create | Archer |
| 19:40 | Create | Villager (Male) |
| 19:56 | Create | Archer |
| 20:21 | Create | Archer |
| 21:10 | Age | Castle Age |
| 21:11 | Build | University |
| 21:13 | Research | Crossbowman (upgrade) |
| 21:15 | Research | Bodkin Arrow |
| 21:16 | Research | Bow Saw |
| 21:16 | Create | Villager (Male) |
| 21:27 | Build | Town Center |
| 21:42 | Create | Villager (Male) |
| 22:06 | Create | Villager (Male) |
| 22:07 | Create | Archer |
| 22:11 | Create | Skirmisher |
| 22:12 | Create | Skirmisher |
| 22:20 | Create | Skirmisher |
| 22:22 | Research | Leather Archer Armor |
| 22:32 | Create | Villager (Male) |
| 22:57 | Research | Elite Skirmisher (upgrade) |
| 22:59 | Create | Villager (Male) |
| 23:02 | Create | Skirmisher |
| 23:05 | Create | Villager (Male) |
| 23:08 | Create | Villager (Male) |
| 23:11 | Create | Villager (Male) |
| 23:19 | Create | Villager (Male) |
Match timeline
| 4:34 | DS_Maulet · first_building Barracks |
| 7:17 | Tim_Boww · first_building Barracks |
| 9:15 | Tim_Boww · age_up feudal |
| 9:20 | Tim_Boww · first_building Archery Range |
| 10:30 | DS_Maulet · age_up feudal |
| 10:36 | DS_Maulet · first_building Archery Range |
| 11:48 | Tim_Boww · wall_segment Palisade Wall x1 |
| 11:50 | Tim_Boww · wall_segment Palisade Wall x1 |
| 11:54 | Tim_Boww · wall_segment Palisade Wall x1 |
| 12:26 | DS_Maulet · wall_segment Palisade Wall x7 |
| 12:42 | Tim_Boww · wall_segment Palisade Wall x6 |
| 12:43 | Tim_Boww · wall_segment Palisade Wall x8 |
| 13:57 | DS_Maulet · wall_segment Palisade Wall x14 |
| 13:59 | DS_Maulet · wall_segment Palisade Wall x4 |
| 14:26 | Tim_Boww · wall_segment Palisade Wall x4 |
| 14:28 | DS_Maulet · wall_segment Palisade Wall x4 |
| 14:28 | Tim_Boww · wall_segment Palisade Wall x6 |
| 14:31 | Tim_Boww · wall_segment Palisade Wall x6 |
| 14:37 | Tim_Boww · wall_segment Palisade Wall x13 |
| 15:31 | DS_Maulet · wall_segment Palisade Wall x7 |
| 15:55 | DS_Maulet · wall_segment Palisade Wall x1 |
| 16:11 | DS_Maulet · wall_segment Palisade Wall x8 |
| 16:22 | DS_Maulet · wall_segment Palisade Wall x6 |
| 17:11 | DS_Maulet · wall_segment Palisade Wall x2 |
| 18:04 | DS_Maulet · wall_segment Palisade Wall x1 |
| 21:05 | Tim_Boww · age_up castle |
| 21:10 | DS_Maulet · age_up castle |
| 24:50 | Tim_Boww · first_building Siege Workshop |
| 25:36 | DS_Maulet · first_building Siege Workshop |
| 30:23 | DS_Maulet · first_building Stable |
| 32:05 | DS_Maulet · first_market_sell 100 wood |
| 34:22 | DS_Maulet · first_market_buy 100 stone |
| 36:34 | Tim_Boww · first_building Monastery |
| 37:54 | Tim_Boww · age_up imperial |
| 38:00 | Tim_Boww · first_market_sell 500 food |
| 38:01 | DS_Maulet · resign |
[ AI ANALYSIS · 1 CREDIT ]
What really happened in this match?
Wolo.gg analyzes every decision: build order, eco, micro, common mistakes by bracket. Personalized analysis on WhatsApp or Discord in 30 seconds.
Civ guide
Shu
Perfil
Tim_Boww